 Dungeon Crawl Stone Soup version 0.16-a0-3944-g1fbc3e7 (webtiles) character file.

203 Chasingthesun the Covered (level 6, -8/49 HPs)
             Began as a Formicid Fighter on Feb 9, 2015.
             Mangled by a goliath beetle (19 damage)
             ... on level 3 of the Dungeon.
             The game lasted 00:05:59 (2909 turns).

Chasingthesun the Covered (Formicid Fighter)        Turns: 2909, Time: 00:06:00

Health: -8/49      AC:  8    Str: 21    XL:     6   Next: 8%
Magic:  8/8        EV:  8    Int:  7    God:
Gold:   103        SH:  9    Dex: 12    Spells: 0 memorised, 5 levels left

rFire  . . .     SeeInvis +     a - +0 long sword
rCold  . . .     Clarity  .     b - +0 scale mail
rNeg   . . .     SustAb   .     c - +0 shield
rPois  .         Gourm    .     (helmet unavailable)
rElec  .         Spirit   .     (no cloak)
rCorr  .         Warding  .     (no gloves)
rMut   .         Stasis   +     g - +0 pair of boots
MR     .....                    (no amulet)
Stlth  ..........               (no ring)
                                m - ring of flight

@: not resistant to hostile enchantments, extremely unstealthy
A: permanent stasis, dig shafts and tunnels, four strong arms, antennae 3
a: Dig, Shaft Self, Evoke Flight


You were on level 3 of the Dungeon.
You were very hungry.

You visited 1 branch of the dungeon, and saw 3 of its levels.

You collected 103 gold pieces.

Inventory:

Hand weapons
 a - a +0 long sword (weapon)
Armour
 b - a +0 scale mail (worn)
 c - a +0 shield (worn)
 g - a +0 pair of boots (worn)
 l - a +0 plate armour
Jewellery
 m - a ring of flight (left hand)
 n - an uncursed ring of poison resistance {unknown}
Magical devices
 w - a wand of cold (10)
Scrolls
 k - a scroll of recharging
 o - a scroll of blinking {unknown}
 r - 3 scrolls of immolation {unknown}
 t - a scroll of identify
 u - a scroll of magic mapping {unknown}
 y - a scroll of enchant weapon {unknown}
Potions
 e - a potion of might
 f - a potion of resistance
 h - a potion of heal wounds {unknown}
 p - a potion of flight
 q - a potion of lignification {unknown}
 s - a potion of degeneration {unknown}
 v - a potion of haste {unknown}
 x - a potion of curing {unknown}
Comestibles
 d - 4 bread rations
 i - 2 slices of pizza
 j - a beef jerky


   Skills:
 * Level 4.4 Fighting
 * Level 3.0 Long Blades
 + Level 4.5 Armour
 + Level 1.2 Dodging
 + Level 1.1 Stealth
 + Level 4.3 Shields


You had 5 spell levels left.
You didn't know any spells.

Dungeon Overview and Level Annotations

Branches:
Dungeon (3/15)

Altars:


Innate Abilities, Weirdness & Mutations

You are under a permanent stasis effect.
You can dig through walls and to a lower floor.
Your four strong arms can wield two-handed weapons with a shield.
You have a pair of large antennae on your head (SInv).


Message History

Your scale mail prevents you from hitting the goliath beetle.
The goliath beetle is lightly wounded.
You hit the goliath beetle but do no damage.
The goliath beetle is lightly wounded.
You block the goliath beetle's attack.
You hit the goliath beetle but do no damage.
The goliath beetle is lightly wounded.
You slash the goliath beetle!
The goliath beetle is moderately wounded.
The goliath beetle bites you!
You hit the goliath beetle but do no damage.
The goliath beetle is moderately wounded.
The goliath beetle bites you!
* * * LOW HITPOINT WARNING * * *
You hit the goliath beetle.
The goliath beetle is moderately wounded.
You barely miss the goliath beetle.
The goliath beetle is moderately wounded.
The goliath beetle bites you!!
You die...

#.# #.# #.#.............
#.#####.#######.###.#.#.#.###.
#...............).#.#.#.#.#.#.
#..####.........#.#.#.#.#.#...
#..# ###########.#.#.#.#.#.##
#..# #.......# #.#.#.#.#.#.#
#..# #.#####.# #.#.#.#.#.#.#
#..# #.# #.# #.#.#.#.#.#.##
#..####.# #@###.#.#.#.#.....
#.......# #B#...#.#.#.###.##
#.####### #.#.###.#.#.......
#.# #.#.###.#.#####.## #..
..#.>...#.......# ###
#.#####.#.#####.# ### #####
###


You could see a goliath beetle.

Vanquished Creatures
  Ijyb (D:3)
  Robin (D:2)
  9 adders
  3 worms
  A giant gecko (D:3)
  5 orcs (D:3)
  5 bats
  A giant cockroach (D:1)
  9 goblins
  11 hobgoblins
  9 jackals
  7 kobolds
  A quokka (D:3)
  5 giant newts
  4 rats
72 creatures vanquished.

Notes
Turn   | Place    | Note
--------------------------------------------------------------
     0 | D:1      | Chasingthesun, the Formicid Fighter, began the quest for the Orb.
     0 | D:1      | Reached XP level 1. HP: 18/18 MP: 1/1
   377 | D:1      | Reached XP level 2. HP: 24/24 MP: 3/3
   722 | D:1      | Reached XP level 3. HP: 29/29 MP: 4/4
  1085 | D:2      | Reached skill level 1 in Stealth
  1087 | D:2      | Noticed Robin
  1112 | D:2      | Killed Robin
  1112 | D:2      | Reached skill level 4 in Armour
  1112 | D:2      | Reached XP level 4. HP: 23/37 MP: 5/5
  1627 | D:2      | Reached XP level 5. HP: 40/42 MP: 7/7
  1886 | D:3      | Noticed Ijyb
  1904 | D:3      | Killed Ijyb
  1904 | D:3      | Reached skill level 1 in Dodging
  2474 | D:3      | Reached XP level 6. HP: 49/49 MP: 8/8
  2909 | D:3      | Mangled by a goliath beetle

Action                   |  1- 3 |  4- 6 || total
-------------------------+-------+-------++-------
Melee: Long sword        |   100 |   241 ||   341
  Use: Scroll            |       |     5 ||     5
  Eat: Chunk             |       |     6 ||     6
